 Dungeon Crawl Stone Soup version 0.17.1-3-g152610e (webtiles) character file.

289 Heskey the Skirmisher (level 6, 0/57 HPs)
             Began as a Minotaur Gladiator on Apr 7, 2016.
             Slain by an orc
             ... wielding a +0 dagger
              (4 damage)
             ... on level 4 of the Dungeon.
             The game lasted 00:03:44 (2659 turns).

Heskey the Skirmisher (Minotaur Gladiator)          Turns: 2659, Time: 00:03:44

Health: 0/57       AC:  5    Str: 21    XL:     6   Next: 9%
Magic:  5/5        EV: 12    Int:  5    God:
Gold:   185        SH:  0    Dex: 11    Spells: 0 memorised, 5 levels left

rFire  . . .     SeeInvis .     a - +0 quarterstaff
rCold  . . .     Clarity  .     b - +0 leather armour
rNeg   . . .     SustAt   .     (shield currently unavailable)
rPois  .         Gourm    .     c - +0 hat
rElec  .         Spirit   .     (no cloak)
rCorr  .         Warding  .     m - +1 pair of gloves
rMut   .         Stasis   .     (no boots)
MR     .....                    (no amulet)
Stlth  +.........               (no ring)
                                (no ring)

@: not resistant to hostile enchantments, very unstealthy
A: retaliatory headbutt, horns 2
a: no special abilities


You were on level 4 of the Dungeon.
You were not hungry.

You visited 1 branch of the dungeon, and saw 4 of its levels.

You collected 185 gold pieces.

Inventory:

Hand Weapons
 a - a +0 quarterstaff (weapon)
Missiles
 d - 3 throwing nets (quivered)
Armour
 b - a +0 leather armour (worn)
 c - a +0 hat (worn)
 m - a +1 pair of gloves (worn)
Jewellery
 q - a cursed -5 ring of evasion
 r - a +1 ring of evasion
 v - an uncursed amulet of regeneration
Potions
 h - 2 potions of might {unknown}
 i - a potion of flight {unknown}
 j - a potion of heal wounds {unknown}
 n - 2 potions of resistance {unknown}
 s - a potion of cancellation {unknown}
 x - 2 potions of lignification {unknown}
Comestibles
 e - a bread ration
 k - a meat ration
 l - a beef jerky


   Skills:
 * Level 5.8 Fighting
 + Level 5.1 Staves
 - Level 2.0 Throwing
 + Level 3.3 Armour
 - Level 3.2 Dodging


You had 5 spell levels left.
You didn't know any spells.

Dungeon Overview and Level Annotations

Branches:
Dungeon (4/15)
 Temple: D:4-7

Altars:
Qazlal
Trog
Vehumet
Xom


Innate Abilities, Weirdness & Mutations

You reflexively headbutt those who attack you in melee.
You have a pair of horns on your head.


Message History

You hear some strange, mumbled words.
Something tries to affect you, but you resist.
You sock something!
Reactivating autopickup.
You have reached level 6!
Your experience leads to an increase in your attributes!
Increase (S)trength, (I)ntelligence, or (D)exterity?
You feel stronger.
You feel a bit more experienced. The orc hits you with a dagger.
* * * LOW HITPOINT WARNING * * *
The orc priest hits you with a falchion.
* * * LOW HITPOINT WARNING * * *
The orc hits you but does no damage.
You hit the orc priest but do no damage.
The orc hits you but does no damage.
You sock the orc priest! Your headbutt misses the orc priest.
The orc priest is almost dead.
The orc priest miscasts a cantrip.
The orc hits you with a dagger.
You die...

# ###.######
.......)@###
##....o)o.#
#............
#.............
#.............
#.............
...............
.###......?.....
............


You could see an orc priest and an orc.

Vanquished Creatures
  3 orc priests (D:3)
  2 orc wizards
  3 adders (D:3)
  3 oozes
  4 worms
  3 giant geckos
  15 orcs
  A ball python (D:3)
  10 bats
  3 giant cockroaches
  9 hobgoblins
  6 quokkas
  A giant newt (D:2)
  5 goblins
  2 jackals (D:1)
  A jackal skeleton (D:4)
  9 kobolds
  8 rats
88 creatures vanquished.

Vanquished Creatures (others)
  An adder (D:2)
1 creature vanquished.

Grand Total: 89 creatures vanquished

Notes
Turn   | Place    | Note
--------------------------------------------------------------
     0 | D:1      | Heskey the Minotaur Gladiator began the quest for the Orb.
     0 | D:1      | Reached XP level 1. HP: 18/18 MP: 0/0
   128 | D:1      | Reached XP level 2. HP: 20/26 MP: 1/1
   187 | D:1      | Reached skill level 1 in Armour
   491 | D:1      | Reached skill level 4 in Staves
   619 | D:2      | Reached XP level 3. HP: 31/31 MP: 2/2
   620 | D:2      | Found a stormy altar of Qazlal.
   752 | D:2      | Found a radiant altar of Vehumet.
   784 | D:2      | Found a shimmering altar of Xom.
  1576 | D:3      | Reached XP level 4. HP: 31/40 MP: 3/3
  2071 | D:3      | Reached XP level 5. HP: 41/47 MP: 4/4
  2154 | D:3      | Reached skill level 5 in Fighting
  2166 | D:3      | Found a bloodstained altar of Trog.
  2415 | D:3      | Reached skill level 5 in Staves
  2657 | D:4      | Reached XP level 6. HP: 7/57 MP: 5/5
  2659 | D:4      | Slain by an orc

Action                   |  1- 3 |  4- 6 || total
-------------------------+-------+-------++-------
Melee: Quarterstaff      |    84 |   102 ||   186
  Use: Scroll            |       |     9 ||     9
  Eat: Chunk             |     2 |     4 ||     6
